 Dungeon Crawl Stone Soup version 0.30-a0-723-gc1506a1cf0 (webtiles) character file.

Game seed: 11822745215722285499

1453 Darius099 the Conjurer (level 9, 0/57 HPs)
             Began as a Human Conjurer on Jan 28, 2023.
             Was an Initiate of Sif Muna.
             Slain by a wolf (2 damage)
             ... led by Grum
             ... on level 8 of the Dungeon.
             The game lasted 00:23:04 (5589 turns).

Darius099 the Conjurer (Human Conjurer)             Turns: 5589, Time: 00:23:05

Health: 0/57       AC:  4    Str:  7    XL:     9   Next: 5%
Magic:  3/17       EV: 17    Int: 24    God:    Sif Muna [......]
Gold:   386        SH:  0    Dex: 11    Spells: 7/19 levels left

rFire   . . .      SeeInvis .    d - +2 dagger (flame)
rCold   . . .      Faith    .    (no shield)
rNeg    . . .      Spirit   .    a - +0 robe
rPois   .          Reflect  .    (no helmet)
rElec   .          Harm     .    k - +0 cloak
rCorr   .          Rampage  .    f - +0 pair of gloves
Will    +....                    (no boots)
Stlth   ++                       n - amulet of regeneration
HPRegen 1.09/turn                p - +5 ring of evasion
MPRegen 0.15/turn                y - ring of willpower

@: very slightly contaminated
A: no striking features
a: Renounce Religion


You were on level 8 of the Dungeon.
You worshipped Sif Muna.
Sif Muna was noncommittal.
You visited 2 branches of the dungeon, and saw 8 of its levels.

You collected 386 gold pieces.

Inventory:

Hand Weapons
 d - a +2 dagger of flaming (weapon)
Missiles
 e - 3 throwing nets
Armour
 a - a +0 robe (worn)
 f - a +0 pair of gloves (worn)
 k - a +0 cloak (worn)
Magical Staves
 i - a staff of cold
 x - a staff of earth
Jewellery
 n - an amulet of regeneration (around neck)
 p - a +5 ring of evasion (left hand)
 y - a ring of willpower (right hand)
Wands
 z - a wand of polymorph (10)
Scrolls
 g - 3 scrolls of fear
 j - 3 scrolls of fog {unknown}
 l - 2 scrolls of identify
 o - a scroll of acquirement {unknown}
 s - a scroll of torment {unknown}
 t - a scroll of immolation {unknown}
 u - a scroll of teleportation {unknown}
 w - a scroll of enchant weapon {unknown}
Potions
 b - 2 potions of magic
 c - 2 potions of heal wounds {unknown}
 h - a potion of degeneration {unknown}
 m - 4 potions of curing
 q - a potion of might {unknown}
 r - 2 potions of mutation
 v - a potion of invisibility {unknown}


   Skills:
 + Level 2.8 Dodging
 + Level 2.9 Stealth
 + Level 5.9 Spellcasting
 + Level 7.4 Conjurations
 + Level 3.6 Hexes
 - Level 3.0 Ice Magic


You had 7 spell levels left.
You knew the following spells:

 Your Spells              Type           Power      Damage    Failure   Level
a - Magic Dart            Conj           100%       1d8       1%          1
b - Searing Ray           Conj           84%        2d7       1%          2
c - Dazzling Flash        Conj/Hex       66%        N/A       2%          3
d - Fulminant Prism       Conj/Hex       16%        3d10      9%          4
e - Ensorcelled Hibernat  Hex/Ice        46%        N/A       3%          2

Your spell library contained the following spells:

 Spells                   Type           Power      Damage    Failure   Level
 Passwall                 Tmut/Erth      5%         N/A       12%         2
 Iskenderun's Mystic Bla  Conj/Tloc      24%        2d7       17%         4
 Swiftness                Air            7%         N/A       24%         3
 Anguish                  Hex/Necr       7%         N/A       36%         4
 Enfeeble                 Hex            12%        N/A       100%        7


Dungeon Overview and Level Annotations

Branches:
Dungeon (6/15)             Temple (1/1) D:4

Altars:
Ashenzari
Cheibriados
Fedhas
Gozag
Hepliaklqana
Kikubaaqudgha
Makhleb
Nemelex Xobeh
Qazlal
Ru
Sif Muna
Uskayaw
Wu Jian
Xom
Yredelemnul
Zin

Annotations:
D:8 Grum


Message History

The searing ray hits Grum.
Grum is heavily wounded.
The wolf completely misses you. The wolf bites you! Grum misses you.
The searing ray hits the wolf!
You kill the wolf!
Sif Muna accepts your kill.
The searing ray hits Grum but does no damage.
Grum is heavily wounded.
You finish channelling your searing ray.
The wolf completely misses you.
Grum hits you from afar with a -1 glaive!!
Ouch! That really hurt!
* * * LOW HITPOINT WARNING * * *
You have reached level 9!
Your experience leads to an increase in your attributes!
Increase (S)trength, (I)ntelligence, or (D)exterity?
You feel clever. x2
It was a potion of curing.
You feel better. The wolf barely misses you.
Grum hits you from afar with a -1 glaive!!
* * * LOW HITPOINT WARNING * * *
Casting: Searing Ray (safe; 1% risk of failure)
Confirm with . or Enter, or press ? or * to list all spells.
Casting: Dazzling Flash (dangerous; 2% risk of failure)
Press: ? - help, Dir - look around, f - activate You miscast Dazzling Flash.
You are very lightly contaminated with residual magic.
Nothing appears to happen.
The wolf closely misses you. x2; Grum misses you.
Casting: Dazzling Flash (dangerous; 2% risk of failure)
Confirm with . or Enter, or press ? or * to list all spells.
Casting: Dazzling Flash (dangerous; 2% risk of failure)
Press: ? - help, Dir - look around, f - activate The wolf closely misses you.
The wolf bites you.
* * * LOW HITPOINT WARNING * * *
Grum closely misses you.
Casting: Dazzling Flash (dangerous; 2% risk of failure)
Confirm with . or Enter, or press ? or * to list all spells.
Casting: Dazzling Flash (dangerous; 2% risk of failure)
Press: ? - help, Dir - look around, f - activate Grum is dazzled.
The wolf bites you.
You die...

######.####.#####.
#..............##.
#.###..#######)##.
#.# #..# #.##. #.#
#..#######.##. #.#
#..........c.. #.#
######.###.... #.#
.......c #@#
....##### #h#
..... #g..........
#.#####.#.. #.#
##. #.# #.# #.#
#.#


You could see Grum (blind) and a wolf.

Vanquished Creatures
  A wraith (D:8)
  The ghost of hgbash the Stinger, an amateur OpVM (D:3)
  2 ogres
  A wolf (D:8)
  3 centaurs
  A necrophage (D:5)
  An orc priest (D:3)
  4 jellies
  3 hounds
  A human zombie (D:3)
  Jessica (D:3)
  4 orc wizards
  8 gnolls
  7 adders
  A white imp (D:6)
  A worm (D:5)
  2 dart slugs
  13 orcs
  7 ball pythons
  2 bats
  6 endoplasms
  4 giant cockroaches
  10 goblins
  4 hobgoblins
  5 jackals
  6 quokkas
  4 frilled lizards
  A goblin skeleton (D:3)
  3 kobolds
  A rat (D:1)
108 creatures vanquished.

Vanquished Creatures (others)
  2 plants (D:2)
  5 toadstools (D:1)
7 creatures vanquished.

Grand Total: 115 creatures vanquished

Notes
Turn   | Place    | Note
-------+----------+-------------------------------------------
     0 | D:1      | Darius099 the Human Conjurer began the quest for the Orb.
     0 | D:1      | Reached XP level 1. HP: 13/13 MP: 3/3
   205 | D:1      | Reached XP level 2. HP: 19/19 MP: 0/5
   815 | D:2      | Reached XP level 3. HP: 20/24 MP: 2/7
  1139 | D:2      | Reached XP level 4. HP: 30/30 MP: 4/8
  1548 | D:2      | Found a faded altar of an unknown god.
  1872 | D:3      | Reached skill level 5 in Conjurations
  1872 | D:3      | Reached XP level 5. HP: 15/35 MP: 2/10
  2151 | D:3      | Reached XP level 6. HP: 30/41 MP: 1/11
  2234 | D:3      | Found a runed translucent door.
  2234 | D:3      | Noticed a human
  2241 | D:3      | Found a basalt altar of Yredelemnul.
  2345 | D:3      | Noticed Jessica
  2356 | D:3      | Learned a level 2 spell: Searing Ray
  2363 | D:3      | Killed Jessica
  2557 | D:3      | Found a runed translucent door.
  2562 | D:3      | Noticed hgbash's ghost (amateur OpVM)
  2831 | D:3      | Killed hgbash's ghost
  2832 | D:3      | Reached skill level 6 in Conjurations
  2832 | D:3      | Reached XP level 7. HP: 18/46 MP: 3/14
  2952 | D:3      | Learned a level 3 spell: Dazzling Flash
  2957 | D:3      | Learned a level 4 spell: Fulminant Prism
  3347 | D:4      | Found a staircase to the Ecumenical Temple.
  3375 | Temple   | Entered the Ecumenical Temple
  3550 | Temple   | Became a worshipper of Sif Muna the Loreminder
  3724 | D:4      | Reached skill level 1 in Ice Magic
  3805 | D:4      | Reached skill level 1 in Hexes
  3867 | D:4      | Reached skill level 5 in Spellcasting
  4247 | D:5      | Entered Level 5 of the Dungeon
  4275 | D:5      | Found a stormy altar of Qazlal.
  4375 | D:5      | Reached XP level 8. HP: 51/52 MP: 2/15
  4582 | D:5      | Found a shimmering altar of Xom.
  4849 | D:5      | Found an ornate altar of the Wu Jian Council.
  4917 | D:5      | Reached skill level 7 in Conjurations
  5199 | D:5      | Learned a level 2 spell: Ensorcelled Hibernation
  5425 | D:6      | You fall into a shaft and drop 2 floors!
  5450 | D:8      | Noticed a wraith
  5481 | D:8      | Killed a wraith
  5576 | D:8      | Noticed Grum
  5586 | D:8      | Reached XP level 9. HP: 10/57 MP: 11/17
  5588 | D:8      | HP: 1/57 [wolf[Grum] (4)]
  5589 | D:8      | Slain by a wolf

Illustrated notes

Levels and vault maps discovered:
D:1:      ldierk_walled_garden, layout_basic, chequers_serial_rivers_marsh,
          chequers_serial_rivers_small_3
D:2:      cheibrodos_old_hovel, layout_loops_ring,
          hellmonk_ecumenical_altar_prayer_group, minmay_misc_feat_cross
D:3:      layout_loops_cross, dk_yredelemnul_ordeal,
          ebering_ghost_reflecting_pool, minmay_fountain_box, uniq_jessica
D:4:      layout_loops_ring, minmay_temple_entry_grid
D:5:      layout_loops_ring, dk_xom_monty_hall, grunt_qazlal_sundering,
          nzn_wu_jian_council_hall
D:6:      layout_basic, mainiacjoe_overflow_six_doors_small, st_stairs_7
D:8:      layout_loops_ring, amcnicky_altar_gilded, kennysheep_little_box,
          erik_lair_island, uniq_grum, uniq_joseph
Temple:   minmay_temple_bridge_abc

Skill      XL: |  1  2  3  4  5  6  7  8 |
---------------+-------------------------+-----
Spellcasting   | 3 4 5 |  5.9
Conjurations   | 5 6 7 |  7.4
Ice Magic      | 2 3 |  3.0
Hexes          | 2 3 |  3.6
Dodging        | |  2.8
Stealth        | |  2.9

Action                     |  1- 3 |  4- 6 |  7- 9 || total
---------------------------+-------+-------+-------++-------
  Melee: Dagger            |    21 |    16 |    12 ||    49
   Cast: Magic Dart        |    42 |    80 |    35 ||   157
         Searing Ray       |       |     8 |    31 ||    39
         Dazzling Flash    |       |       |     2 ||     2
    Use: Scroll            |       |       |     2 ||     2
         Potion            |       |       |     1 ||     1
 Armour: Robe              |     4 |     3 |     7 ||    14
  Dodge: Dodged            |    21 |    12 |    92 ||   125

Table legend: (Time is in decaauts)
 A = Elapsed time spent in this place.
 B = Non-inter-level travel time spent in this place.
 C = Inter-level travel time spent in this place.
 D = Time resting spent in this place.
 E = Time spent auto-exploring this place.
 F = Levels seen in this place.
 G = Mean time per level.
                   A        B        C        D        E       F      G
               +--------+--------+--------+--------+--------+-----+--------+
         Total |   5607 |   5368 |    239 |    954 |   2676 |   8 |  700.9 |
       Dungeon |   5409 |   5173 |    236 |    954 |   2509 |   7 |  772.7 |
        Temple |    197 |    194 |      3 |      0 |    167 |   1 |  197.0 |
               +--------+--------+--------+--------+--------+-----+--------+

Top non-repeatable levels by time:
     D:3: 1185 daAuts
     D:5: 1058 daAuts
     D:4: 1036 daAuts
     D:2: 959 daAuts
     D:1: 882 daAuts
  Temple: 197 daAuts
     D:8: 166 daAuts
     D:6: 120 daAuts
